 Dungeon Crawl Stone Soup version 0.30-a0-364-gf6b3ef1049 (webtiles) character file.

Game seed: 9989431178488130114

87 Losbrottos the Trooper (level 4, 0/40 HPs)
             Began as a Minotaur Fighter on Nov 2, 2022.
             Was an Initiate of Trog.
             Slain by Crazy Yiuf
             ... wielding a +4 quarterstaff of chaos
              (3 damage)
             ... on level 3 of the Dungeon on Nov 14, 2022.
             The game lasted 00:34:27 (3779 turns).

Losbrottos the Trooper (Minotaur Fighter)           Turns: 3779, Time: 00:34:27

Health: 0/40       AC:  7    Str: 22    XL:     4   Next: 28%
Magic:  3/3        EV:  9    Int:  5    God:    Trog [......]
Gold:   102        SH:  4    Dex: 10    Spells: 3/3 levels left

rFire   . . .      SeeInvis .    a - +1 war axe
rCold   . . .      Faith    .    c - +0 buckler
rNeg    . . .      Spirit   .    b - +0 scale mail
rPois   .          Reflect  .    (helmet restricted)
rElec   .          Harm     .    (no cloak)
rCorr   .          Rampage  .    (no gloves)
Will    .....                    (no boots)
Stlth   ..........               (no amulet)
HPRegen 0.26/turn                (no ring)
MPRegen 0.08/turn                (no ring)

@: about to teleport
A: horns 2, retaliatory headbutt
a: Renounce Religion


You were on level 3 of the Dungeon.
You worshipped Trog.
Trog was noncommittal.
You visited 1 branch of the dungeon, and saw 3 of its levels.

You collected 102 gold pieces.

Inventory:

Hand Weapons
 a - a +1 war axe (weapon)
 h - a +0 sling
 z - a +0 vorpal trident
Missiles
 g - 19 stones (quivered)
 k - 6 atropa-tipped darts
 q - 6 poisoned darts
Armour
 b - a +0 scale mail (worn)
 c - a +0 buckler (worn)
 i - a +0 ring mail
 t - a +0 cloak
 y - a +0 leather armour
 A - a +2 ring mail of cold resistance
 B - a +0 chain mail
Jewellery
 j - a ring of fire
 u - a ring of flight
Scrolls
 e - 2 scrolls of identify
 f - 2 scrolls of poison
 w - a scroll of teleportation
 x - a scroll of fear {unknown}
Potions
 d - a potion of might
 l - a potion of flight {unknown}
 m - a potion of haste {unknown}
 o - a potion of berserk rage {unknown}
 p - 2 potions of curing {unknown}
 r - a potion of ambrosia {unknown}
 s - 2 potions of mutation {unknown}
 v - a potion of invisibility {unknown}


   Skills:
 + Level 4.3 Fighting
 * Level 3.9 Axes
 + Level 4.2 Armour
 + Level 4.3 Shields


You had 3 spell levels left.
You didn't know any spells.
Your spell library contained the following spells:

 Spells                   Type           Power      Damage    Failure   Level
 Magic Dart               Conj           0%         1d3       87%         1
 Slow                     Hex            0%         N/A       87%         1
 Call Imp                 Summ           0%         N/A       95%         2
 Confusing Touch          Hex            0%         N/A       99%         3
 Mephitic Cloud           Conj/Pois/Air  0%         N/A       99%         3
 Vampiric Draining        Necr           0%         2d6       99%         3


Dungeon Overview and Level Annotations

Branches:
Dungeon (3/15)

Altars:
Ashenzari
Makhleb
Sif Muna
Trog
Uskayaw
Yredelemnul
Zin

Annotations:
D:3 Crazy Yiuf


Innate Abilities, Weirdness & Mutations

You have a pair of horns on your head.
You reflexively headbutt those who attack you in melee.


Message History

You see here a +0 dagger.
There is a bloodstained altar of Trog here.
Things that are here:
a +0 dagger; a +0 animal skin
Things that are here:
a +0 leather armour; a +0 dagger; a +0 flail
Items here: ))) [[.
There is an open door here.
Found a hammer.
Found a runed translucent door.
Crazy Yiuf shouts!
Press: ? - help, v - describe, . - travel
Here: Crazy Yiuf, wielding a +4 quarterstaff of chaos and wearing a +0 cloak (fire blocked by a runed translucent door)
The floor.
Could not travel, unopened runed door.
Could not explore, unopened runed door.
As you open the door, it creaks loudly!
You slash Crazy Yiuf!
Crazy Yiuf is moderately wounded.
Crazy Yiuf hits you with a +4 quarterstaff of chaos!
You hit Crazy Yiuf. You headbutt Crazy Yiuf.
Crazy Yiuf is severely wounded.
Crazy Yiuf hits you with a +4 quarterstaff of chaos!
Crazy Yiuf burns you.
You hit Crazy Yiuf.
Crazy Yiuf is severely wounded.
Crazy Yiuf hits you with a +4 quarterstaff of chaos!
You closely miss Crazy Yiuf.
Crazy Yiuf is severely wounded.
You block Crazy Yiuf's attack. Crazy Yiuf barely misses you.
You barely miss Crazy Yiuf.
Crazy Yiuf is severely wounded.
Crazy Yiuf hits you with a +4 quarterstaff of chaos!
* * * LOW HITPOINT WARNING * * *
As you read the scroll labelled BARAOL YPYT, it crumbles to dust.
It is a scroll of enchant weapon.
Your +0 war axe glows red for a moment.
You block Crazy Yiuf's attack.
As you read the scroll labelled FALAB WAUN, it crumbles to dust.
You feel strangely unstable.
It was a scroll of teleportation.
Crazy Yiuf hits you with a +4 quarterstaff of chaos.
You die...

##### #)..# #...# ... #g# ## #@##
#######. ##.# #....... #.##
#......# ######### ##.#
#####.....## #.......# ##.##
#...'.....#. ##.###..# ##P..#
#####....... #.# #..# #PP..#
#......##..# #####.###..# #....#
#.###..#..##
>...#..##.>#####..####.##<..#...#


You could see Crazy Yiuf.

Vanquished Creatures
  Jessica (D:2)
  2 adders
  2 worms (D:2)
  5 orcs (D:3)
  2 ball pythons
  2 bats
  3 endoplasms
  2 goblins
  4 jackals (D:3)
  A quokka (D:2)
  4 kobolds
  4 rats
32 creatures vanquished.

Vanquished Creatures (others)
  5 fungi (D:2)
  7 plants (D:2)
12 creatures vanquished.

Grand Total: 44 creatures vanquished

Notes
Turn   | Place    | Note
-------+----------+-------------------------------------------
     0 | D:1      | Losbrottos the Minotaur Fighter began the quest for the
                  | Orb.
     0 | D:1      | Reached XP level 1. HP: 19/19 MP: 0/0
   480 | D:1      | Reached XP level 2. HP: 27/27 MP: 1/1
  1522 | D:2      | Noticed Jessica
  1525 | D:2      | Killed Jessica
  1526 | D:2      | Reached XP level 3. HP: 33/33 MP: 2/2
  2228 | D:2      | Found a faded altar of an unknown god.
  2698 | D:3      | Found a bloodstained altar of Trog.
  2708 | D:3      | Became a worshipper of Trog the Wrathful
  2756 | D:3      | Reached XP level 4. HP: 40/40 MP: 3/3
  3059 | D:3      | Found a hide-covered altar of Uskayaw.
  3059 | D:3      | Found a broken altar of Ashenzari.
  3059 | D:3      | Found a glowing silver altar of Zin.
  3092 | D:2      | Upgraded the game from 0.30-a0-341-g682706514a to
                  | 0.30-a0-355-g4c39ff33d3
  3445 | D:3      | Found a faded altar of an unknown god.
  3445 | D:3      | Found a burning altar of Makhleb.
  3452 | D:3      | Upgraded the game from 0.30-a0-355-g4c39ff33d3 to
                  | 0.30-a0-364-gf6b3ef1049
  3465 | D:3      | Found a shimmering blue altar of Sif Muna.
  3468 | D:3      | Found a faded altar of an unknown god.
  3470 | D:3      | Found a basalt altar of Yredelemnul.
  3762 | D:3      | Found a runed translucent door.
  3763 | D:3      | Noticed Crazy Yiuf
  3777 | D:3      | HP: 2/40 [Crazy Yiuf/+4 quarterstaff of chaos (12)]
  3779 | D:3      | Slain by Crazy Yiuf

Illustrated notes

Levels and vault maps discovered:
D:1:      lightli_arrival_noodles, layout_basic, minivault_4
D:2:      minmay_door_path, layout_rooms,
          shapermc_ecumenical_altar_mp_urbaneastern, eino_tiny_chamber,
          chequers_avenue, uniq_jessica
D:3:      layout_basic, bloody_trog, chequers_temple_overflow_minitemple,
          gammafunk_temple_overflow_claw, uniq_crazy_yiuf_cottage

Skill      XL: |  1  2 |
---------------+-------+-----
Fighting       | 4 |  4.3
Axes           | 3 |  3.9
Armour         | 4 |  4.2
Shields        | 4 |  4.3

Action                   |  1- 3 |  4- 6 || total
-------------------------+-------+-------++-------
Melee: War axe           |    60 |    32 ||    92
       Headbutt          |    10 |     3 ||    13
  Use: Scroll            |     1 |     2 ||     3
Armor: Scale mail        |    11 |    16 ||    27
Dodge: Dodged            |    20 |    10 ||    30
Block: Buckler           |     9 |     5 ||    14

Table legend: (Time is in decaauts)
 A = Elapsed time spent in this place.
 B = Non-inter-level travel time spent in this place.
 C = Inter-level travel time spent in this place.
 D = Time resting spent in this place.
 E = Time spent auto-exploring this place.
 F = Levels seen in this place.
 G = Mean time per level.
                   A        B        C        D        E       F      G
               +--------+--------+--------+--------+--------+-----+--------+
         Total |   3814 |   3814 |      0 |      0 |    279 |   3 | 1271.3 |
       Dungeon |   3814 |   3814 |      0 |      0 |    279 |   3 | 1271.3 |
               +--------+--------+--------+--------+--------+-----+--------+

Top non-repeatable levels by time:
     D:1: 1349 daAuts
     D:2: 1334 daAuts
     D:3: 1130 daAuts
